 Dungeon Crawl Stone Soup version 0.27.1-3-gb3d3a73c9e (webtiles) character file.

Game seed: 633902801534306186

742 AZSletch the Skirmisher (level 7, -1/64 HPs)
             Began as a Minotaur Fighter on Oct 8, 2021.
             Succumbed to a water moccasin's poison
             ... on level 5 of the Dungeon.
             The game lasted 00:10:42 (3822 turns).

AZSletch the Skirmisher (Minotaur Fighter)          Turns: 3822, Time: 00:10:43

Health: -1/64      AC:  8    Str: 22    XL:     7   Next: 47%
Magic:  4/6        EV:  9    Int:  5    God:
Gold:   263        SH: 10    Dex: 10    Spells: 6/6 levels left

rFire    . . .     SeeInvis .   a - +0 war axe
rCold    . . .     Faith    .   c - +0 kite shield
rNeg     . . .     Spirit   +   b - +0 scale mail
rPois    .         Reflect  .   (helmet restricted)
rElec    .         Harm     .   (no cloak)
rCorr    .         Rampage  .   (no gloves)
Will     .....                  D - +0 pair of boots
Stlth    ..........             y - amulet of guardian spirit
HPRegen  0.20/turn              r - ring of wizardry
MPRegen  0.10/turn              (no ring)

@: mighty, lethally poisoned (-1 -> -12)
A: horns 2, retaliatory headbutt
a: no special abilities


You were on level 5 of the Dungeon.
You visited 1 branch of the dungeon, and saw 5 of its levels.

You collected 263 gold pieces.

Inventory:

Hand Weapons
 a - a +0 war axe (weapon)
 l - a +0 hunting sling of freezing
 t - a +3 hunting sling
Missiles
 o - 12 sling bullets
 p - 106 stones
 A - 6 poisoned darts (quivered)
Armour
 b - a +0 scale mail (worn)
 c - a +0 kite shield (worn)
 D - a +0 pair of boots (worn)
Jewellery
 r - a ring of wizardry (left hand)
 y - an amulet of guardian spirit (around neck)
Wands
 u - a wand of paralysis (5)
 C - a wand of flame (19)
 G - a wand of polymorph (6)
Scrolls
 i - 4 scrolls of noise {unknown}
 j - a scroll of teleportation {unknown}
 k - 2 scrolls of blinking {unknown}
 s - a scroll of enchant weapon {unknown}
 B - 3 scrolls of silence {unknown}
 F - a scroll of magic mapping {unknown}
Potions
 e - 2 potions of haste {unknown}
 f - 2 potions of curing {unknown}
 g - a potion of berserk rage {unknown}
 h - a potion of attraction {unknown}
 m - 3 potions of resistance {unknown}
 n - 2 potions of ambrosia {unknown}
 q - a potion of degeneration {unknown}
 v - a potion of magic {unknown}
 w - a potion of brilliance {unknown}
 x - a potion of flight {unknown}
 z - 2 potions of heal wounds {unknown}
 E - a potion of cancellation {unknown}


   Skills:
 * Level 6.5 Fighting
 + Level 4.4 Axes
 + Level 2.6 Throwing
 + Level 5.3 Armour
 + Level 3.1 Dodging
 + Level 5.2 Shields


You had 6 spell levels left.
You didn't know any spells.
Your spell library was empty.

Dungeon Overview and Level Annotations

Branches:
Dungeon (5/15)
 Temple: D:4-7

Altars:
Fedhas
Xom


Innate Abilities, Weirdness & Mutations

You have a pair of horns on your head.
You reflexively headbutt those who attack you in melee.


Message History

The water moccasin bites you!
The water moccasin bites you but does no damage.
The water moccasin bites you.
You closely miss the water moccasin.
The water moccasin is heavily wounded.
You block the water moccasin's attack. The water moccasin bites you.
You are poisoned.
The water moccasin poisons you!
You miss the water moccasin.
Your headbutt misses the water moccasin.
The water moccasin is heavily wounded.
You feel very sick.
The water moccasin bites you but does no damage.
You block the water moccasin's attack.
You barely miss the water moccasin.
Your headbutt misses the water moccasin.
The water moccasin is heavily wounded.
You feel very sick.
The water moccasin bites you but does no damage. x2
You closely miss the water moccasin.
The water moccasin is heavily wounded.
You feel sick.
You block the water moccasin's attack. x2
You miss the water moccasin.
Your headbutt misses the water moccasin.
The water moccasin is heavily wounded.
You feel sick. You block the water moccasin's attack.
The water moccasin barely misses you.
You hit the water moccasin.
The water moccasin is heavily wounded.
You feel sick. The water moccasin bites you.
* * * LOW HITPOINT WARNING * * *
You are lethally poisoned!
The water moccasin poisons you! You block the water moccasin's attack.
You closely miss the water moccasin.
The water moccasin is heavily wounded.
* * * LOW HITPOINT WARNING * * *
You feel very sick.
You block the water moccasin's attack. x2
You feel very mighty all of a sudden.
You die...

#..(.(..# .......#
....... ..... .... . #..
.##.. #######S# .....
#.....>@##.#... ..
#............# #....
#............### #...# .
#............##. ...# .
#.............#.###..##.
#.......##.#..#.#.......
#.......##.#....#......#
########[.....##........
#.#.#####.......#


You could see a water moccasin.

Vanquished Creatures
  A necrophage (D:5)
  An ogre (D:4)
  A bullfrog (D:4)
  A wyvern skeleton (D:5)
  A water moccasin skeleton (D:5)
  3 hounds
  A jelly (D:5)
  A centaur skeleton (D:4)
  An orc priest (D:5)
  An orc wizard (D:5)
  Ijyb (D:5)
  An iguana (D:5)
  Robin (D:3)
  4 adders
  2 adder skeletons (D:4)
  A worm (D:3)
  3 dart slugs
  5 orcs
  5 ball pythons
  4 bats
  3 endoplasms
  3 giant cockroaches
  15 goblins
  8 hobgoblins
  A jackal (D:5)
  4 quokkas
  5 frilled lizards
  7 kobolds
  10 rats
95 creatures vanquished.

Vanquished Creatures (others)
  A phantom (D:5)
  A gnoll shaman (D:5)
  An iguana (D:5)
  An orc (D:5)
4 creatures vanquished.

Grand Total: 99 creatures vanquished

Notes
Turn   | Place    | Note
-------+----------+-------------------------------------------
     0 | D:1      | AZSletch the Minotaur Fighter began the quest for the Orb.
     0 | D:1      | Reached XP level 1. HP: 19/19 MP: 0/0
   392 | D:1      | Reached XP level 2. HP: 25/27 MP: 1/1
   665 | D:1      | Reached skill level 4 in Fighting
   913 | D:2      | Found a blossoming altar of Fedhas.
  1229 | D:2      | Reached skill level 1 in Dodging
  1362 | D:2      | Reached XP level 3. HP: 32/33 MP: 2/2
  2033 | D:3      | Identified the +1 helmet of the Unbroken {rElec rF+ Stlth+}
  2033 | D:3      | Noticed Robin
  2039 | D:3      | Reached XP level 4. HP: 34/41 MP: 3/3
  2043 | D:3      | Killed Robin
  2167 | D:3      | Reached skill level 1 in Throwing
  2585 | D:4      | Reached XP level 5. HP: 46/47 MP: 2/4
  2696 | D:4      | Reached skill level 5 in Fighting
  2884 | D:4      | Reached XP level 6. HP: 55/56 MP: 5/5
  3510 | D:5      | Entered Level 5 of the Dungeon
  3539 | D:5      | Found a shimmering altar of Xom.
  3557 | D:5      | Reached skill level 6 in Fighting
  3557 | D:5      | Reached skill level 5 in Armour
  3557 | D:5      | Reached XP level 7. HP: 54/63 MP: 6/6
  3582 | D:5      | Reached skill level 5 in Shields
  3721 | D:5      | Noticed Ijyb
  3736 | D:5      | Killed Ijyb
  3821 | D:5      | HP: 1/64 [poisoned by a water moccasin]
  3822 | D:5      | Succumbed to a water moccasin's poison

Illustrated notes

Levels and vault maps discovered:
D:1:      elethiomel_arrival_fortress_basement, layout_rooms,
          minmay_curled_crystal, kennysheep_minor_cross, palyth_stone_intersect
D:2:      layout_loops_corners, basic_altar, minmay_randomly_rotated_circles
D:3:      layout_rooms, uniq_robin
D:4:      layout_cave_pods
D:5:      layout_basic, xom_confusion_cloud, minmay_temple_entry_crystal_x,
          kennysheep_cross_room, uniq_crazy_yiuf_cottage, uniq_ijyb

Skill      XL: |  1  2  3  4  5  6  7 |
---------------+----------------------+-----
Fighting       | 4 5 6 |  6.5
Dodging        | 1 2 3 |  3.1
Armour         | 4 5 |  5.3
Axes           | 3 4 |  4.4
Shields        | 4 5 |  5.2
Throwing       | 1 2 |  2.6

Action                   |  1- 3 |  4- 6 |  7- 9 || total
-------------------------+-------+-------+-------++-------
Melee: War axe           |    83 |    37 |    48 ||   168
       Headbutt          |    15 |    11 |     6 ||    32
 Fire: Hunting sling     |    28 |    49 |     2 ||    79
Throw: Dart              |       |    15 |    11 ||    26
  Use: Potion            |       |       |     1 ||     1
Armor: Scale mail        |    62 |    17 |    16 ||    95
Dodge: Dodged            |    30 |    15 |    11 ||    56
Block: Kite shield       |    64 |    26 |    25 ||   115
